 Dungeon Crawl Stone Soup version 0.20-a0-270-g8e735b6 (console) character file.

52 nht the Cudgeler (level 3, -3/39 HPs)
             Began as an Ogre Berserker on Dec 10, 2016.
             Was a Follower of Trog.
             Killed from afar by an orc wizard (11 damage)
             ... with a puff of frost
             ... on level 3 of the Dungeon.
             The game lasted 00:01:33 (907 turns).

nht the Cudgeler (Ogre Berserker)                    Turns: 907, Time: 00:01:34

Health: -3/39      AC:  3    Str: 28    XL:     3   Next: 85%
Magic:  3/3        EV: 16    Int:  6    God:    Trog [*.....]
Gold:   124        SH:  0    Dex: 14    Spells: 2/2 levels left

rFire  . . .     SeeInvis .     a - +0 mace
rCold  . . .     Gourm    .     b - +0 animal skin
rNeg   . . .     Faith    .     (no shield)
rPois  +         Spirit   .     (helmet restricted)
rElec  .         Reflect  .     (no cloak)
rCorr  .         Harm     .     (gloves unavailable)
MR     .....                    (boots unavailable)
Stlth  ++........               (no amulet)
                                (no ring)
                                m - ring of poison resistance

@: mighty, agile, flying, very slightly contaminated, hasted, very quick
A: unfitting armour, tough skin 1
a: Berserk, Burn Spellbooks, Renounce Religion


You were on level 3 of the Dungeon.
You worshipped Trog.
Trog was aware of your devotion.
You were not hungry.

You visited 1 branch of the dungeon, and saw 3 of its levels.

You collected 124 gold pieces.

Inventory:

Hand Weapons
 a - a +0 mace (weapon)
Armour
 b - a +0 animal skin (worn)
Jewellery
 m - a ring of poison resistance (left hand)
Scrolls
 e - 4 scrolls of remove curse {unknown}
 f - a scroll of immolation {unknown}
 g - a scroll of teleportation {unknown}
 h - a scroll of fog {unknown}
 i - 3 scrolls of identify {unknown}
 j - a scroll of noise {unknown}
Comestibles
 c - a bread ration
 d - 5 fruits
 l - a chunk of flesh


   Skills:
 - Level 4.0 Fighting
 + Level 6.1 Maces & Flails
 - Level 2.6 Dodging


You had 2 spell levels left.
You didn't know any spells.

Dungeon Overview and Level Annotations

Branches:
Dungeon (3/15)

Altars:
Dithmenos
Elyvilon
Okawaru
Qazlal
Vehumet
Xom


Innate Abilities, Weirdness & Mutations

You are too large for most types of armour.
You have tough skin. (AC +1)


Message History

You kill the bat!
Trog accepts your kill.
Found a scroll labeled XULESK ACATADDUUTT.
You see here a bat corpse.
An orc and an orc wizard come into view.
The orc wizard shouts!
The orc shouts!
You sock the orc!
You kill the orc!
Trog accepts your kill.
You see here a bat corpse.
You see here a bat corpse.
You sock the orc!
You kill the orc!
Trog accepts your kill.
You see here a bat corpse.
You barely miss the orc wizard. You closely miss the orc wizard.
The orc wizard gestures at you while chanting.
The puff of frost hits you!
You die...

█.█....<█
█.█.███.█ █.█.█
█.██ .. █.█.█
██.██ .... █.█.█
██.███..... █...█
███....█>. █...█
█.........█
██..████†█........
█......@█.██.███.
█......█o..█.█
█...... $....█
█...... .......
█......██......
█..███? ██.██. █.█
██ .█ ██ .


You could see an orc wizard.

Vanquished Creatures
  An iguana (D:3)
  A dart slug (D:2)
  A leopard gecko (D:3)
  2 orcs (D:3)
  A giant cockroach (D:2)
  3 goblins
  2 hobgoblins
  5 bats
  5 kobolds
  3 rats
24 creatures vanquished.

Notes
Turn   | Place    | Note
-------+----------+-------------------------------------------
     0 | D:1      | nht the Ogre Berserker began the quest for the Orb.
     0 | D:1      | Reached XP level 1. HP: 24/24 MP: 1/1
   452 | D:1      | Reached XP level 2. HP: 32/32 MP: 2/2
   465 | D:2      | Found an iron altar of Okawaru.
   465 | D:2      | Found a white marble altar of Elyvilon.
   465 | D:2      | Found a shimmering altar of Xom.
   465 | D:2      | Found a shadowy altar of Dithmenos.
   481 | D:2      | Found a radiant altar of Vehumet.
   482 | D:2      | Found a stormy altar of Qazlal.
   544 | D:2      | Reached skill level 5 in Maces & Flails
   888 | D:3      | Reached skill level 6 in Maces & Flails
   888 | D:3      | Reached XP level 3. HP: 6/39 MP: 3/3
   907 | D:3      | Killed from afar by an orc wizard

Vault maps used:
D:1:      dpeg_arrival_orchard
D:2:      grunt_temple_overflow_open
D:3:      first_bread, kennysheep_generic_room_14

Skill      XL: |  1  2 |
---------------+-------+-----
Maces & Flails | 6 |  6.1
Fighting       | |  4.0
Dodging        | |  2.6

Action                   || total
-------------------------++-------
Melee: Mace              ||    65
  Use: Potion            ||     4
Armor: Animal skin       ||    20
Dodge: Dodged            ||    36
